AoeStats
← Malik Bhai

Arena

507912182Analyzed
4v4 RM · 13d ago on Sep 20, 2026· 42m 51s· 8 players
Game mode
Random Map
Map size
Large (8 player)
Population
200
Speed
Normal
Resources
Standard
Victory
Conquest
Starting age
Dark Age
Ending age
Imperial Age
RankedLock teamsTeams togetherTeam positionsShared explorationLock speedFull tech treeHidden civsTurbo modeCheats
Victory
Defeat
🇻🇳 Italians · Vietnam
1584
+16
🇨🇳 Wu · China
1569
+16
🇨🇳 Khmer · China
1567
+16
🇨🇳 Armenians · China
1505
+19
🇮🇳 Ethiopians · India
1644
-19
🇵🇰 Spanish · Pakistan
1565
-16
🇵🇰 Hindustanis · Pakistan
1550
-16
🇵🇰 Persians · Pakistan
1542
-16
Malik Bhai
10:00 Feudal Age
15:25 Castle Age
14:14 Loom
16:13 Double-Bit Axe
16:08 Horse Collar
25:45 Bow Saw
29:58 Fortified Wall
30:00 Clinker Construction
32:46 Imperial Age
32:12 Heavy Plow
32:50 Wheelbarrow
33:10 Padded Archer Armor
33:33 Ballistics
33:37 Gold Mining
33:39 Fletching
34:51 Chemistry
34:19 Bodkin Arrow
34:40 Leather Archer Armor
34:36 Clinker Construction
34:04 Elite Skirmisher
35:05 Clinker Construction
35:44 Bracer
36:30 Bombard Tower
37:50 Ring Archer Armor
Burt Macklin
11:12 Feudal Age
11:09 Loom
15:03 Castle Age
14:11 Double-Bit Axe
14:07 Horse Collar
15:31 Fletching
22:00 Scale Mail Armor
23:50 Chain Mail Armor
32:43 Imperial Age
30:38 Heavy Plow
30:49 Bow Saw
31:51 Wheelbarrow
32:53 Wheelbarrow
[666]_Dark
10:52 Feudal Age
15:03 Castle Age
13:37 Double-Bit Axe
13:57 Horse Collar
22:51 Bow Saw
24:04 Wheelbarrow
23:53 Gold Mining
24:37 Heavy Plow
25:28 Light Cavalry
26:19 Bloodlines
26:35 Husbandry
26:42 Scale Barding Armor
29:23 Imperial Age
27:35 Forging
28:13 Chain Barding Armor
30:08 Gold Shaft Mining
31:17 Chemistry
30:26 Heavy Camel Rider
31:42 Plate Barding Armor
32:04 Iron Casting
31:13 Elite Skirmisher
31:43 Loom
32:22 Hand Cart
34:27 Thumb Ring
36:12 Blast Furnace
35:33 Shatagni
36:52 Imperial Camel Rider
38:44 Fletching
Irtaza Darinda
11:39 Feudal Age
12:21 Double-Bit Axe
12:27 Horse Collar
15:25 Castle Age
16:12 Bow Saw
18:10 Heavy Plow
22:59 Loom
23:51 Wheelbarrow
23:33 Gold Mining
23:34 Stone Mining
27:41 Hand Cart
29:58 Imperial Age
28:50 Scale Barding Armor
28:56 Forging
29:55 Bloodlines
29:45 Husbandry
30:06 Chain Barding Armor
30:11 Heavy Plow
29:37 Cavalier
30:18 Heavy Camel Rider
31:35 Iron Casting
32:19 Plate Barding Armor
31:13 Cavalier
33:48 Blast Furnace
34:13 Conscription
37:33 Gold Shaft Mining
36:55 Savar
seabed
10:17 Feudal Age
13:14 Castle Age
11:16 Double-Bit Axe
12:14 Horse Collar
21:14 Bow Saw
22:02 Wheelbarrow
22:11 Gold Mining
23:49 Hand Cart
24:30 Gold Shaft Mining
25:14 Heavy Plow
25:40 Scale Barding Armor
25:46 Forging
28:10 Imperial Age
26:09 Loom
26:49 Bloodlines
26:40 Husbandry
27:03 Chain Barding Armor
28:30 Town Watch
29:23 Iron Casting
28:25 Elite Battle Elephant
29:53 Plate Barding Armor
28:49 Capped Ram
30:23 Stone Mining
33:01 Blast Furnace
32:41 Tusk Swords
36:22 Scale Mail Armor
36:12 Fletching
36:09 Heavy Scorpion
37:28 Conscription
37:34 Double Crossbow
37:55 Siege Ram
39:39 Chemistry
40:47 Crop Rotation
41:08 Coinage
41:08 Siege Engineers
42:22 Banking
This is Kawaii
10:24 Feudal Age
14:06 Castle Age
12:42 Horse Collar
13:26 Double-Bit Axe
16:20 Loom
16:33 Fletching
27:02 Imperial Age
25:00 Bodkin Arrow
25:48 Gold Mining
26:42 Ballistics
27:05 Wheelbarrow
26:44 Bow Saw
28:28 Bracer
30:06 Chemistry
31:18 Padded Archer Armor
31:13 Stone Mining
31:50 Conscription
33:03 Leather Archer Armor
34:21 Two-Man Saw
35:13 Ring Archer Armor
35:05 Elite Genoese Crossbowman
36:11 Scale Barding Armor
36:47 Forging
36:58 Thumb Ring
38:04 Chain Barding Armor
38:20 Iron Casting
38:52 Hand Cart
43:42 Plate Barding Armor
02287
11:14 Feudal Age
14:55 Castle Age
13:31 Double-Bit Axe
13:32 Horse Collar
15:57 Bow Saw
21:28 Wheelbarrow
20:38 Loom
28:11 Gold Mining
32:53 Imperial Age
30:09 Town Watch
29:59 Pikeman
30:39 Squires
30:58 Halberdier
31:53 Heavy Plow
32:34 Gold Shaft Mining
32:17 Squires
32:44 Scale Mail Armor
32:57 Stone Mining
33:27 Forging
34:17 Fereters
34:36 Conscription
33:51 Capped Ram
36:09 Chain Mail Armor
36:29 Iron Casting
37:34 Plate Mail Armor
39:11 Blast Furnace
38:01 Fletching
38:47 Bodkin Arrow
38:59 Siege Ram
40:15 Padded Archer Armor
40:17 Bracer
41:52 Leather Archer Armor
41:37 Elite Composite Bowman
42:52 Hoardings
42:19 Arson
43:17 Ring Archer Armor
精锐 N B
10:58 Feudal Age
14:50 Castle Age
13:38 Double-Bit Axe
16:10 Fletching
17:04 Bodkin Arrow
20:28 Bow Saw
21:57 Padded Archer Armor
23:08 Gold Mining
22:58 Horse Collar
25:18 Wheelbarrow
28:48 Red Cliffs Tactics
31:49 Hand Cart
32:05 Ballistics
34:38 Imperial Age
33:38 Stone Mining
34:24 Gold Shaft Mining
34:41 Leather Archer Armor
34:38 Town Watch
35:27 Bracer
37:10 Chemistry
38:20 Conscription
38:50 Stone Shaft Mining
38:01 Elite Fire Archer
39:50 Masonry
42:20 Architecture
41:52 Town Patrol
41:38 Loom
Connection lost

Rejoining the realm…

Still unreachable

The connection could not be restored.

Session expired

The server has moved on; the page needs a fresh start.